 Dungeon Crawl Stone Soup version 0.17.1-3-g152610e (webtiles) character file.

20 Gargoyl the Skirmisher (level 2, 0/24 HPs)
             Began as a Demonspawn Abyssal Knight on Mar 1, 2016.
             Was a Follower of Lugonu.
             Succumbed to an adder's poison
             ... on level 2 of the Dungeon.
             The game lasted 00:02:27 (1328 turns).

Gargoyl the Skirmisher (Demonspawn Abyssal Knight)  Turns: 1328, Time: 00:02:27

Health: 0/24       AC:  9    Str: 12    XL:     2   Next: 58%
Magic:  4/4        EV:  5    Int: 13    God:    Lugonu [*.....]
Gold:   146        SH:  0    Dex: 12    Spells: 0 memorised, 1 level left

rFire  + . .     SeeInvis .     a - +1 hand axe
rCold  . . .     Clarity  .     m - +0 chain mail
rNeg   . . .     SustAt   .     (no shield)
rPois  .         Gourm    .     b - +0 helmet
rElec  .         Spirit   .     (no cloak)
rCorr  .         Warding  .     (no gloves)
rMut   .         Stasis   .     (no boots)
MR     .....                    (no amulet)
Stlth  ..........               (no ring)
                                (no ring)

@: lethally poisoned (0 -> -7), not resistant to hostile enchantments, extremely
unstealthy
A: fire resistance 1
a: Depart the Abyss, Renounce Religion


You were on level 2 of the Dungeon.
You worshipped Lugonu.
Lugonu was aware of your devotion.
You were not hungry.

You visited 1 branch of the dungeon, and saw 2 of its levels.
You visited the Abyss 1 time.

You collected 146 gold pieces.

Inventory:

Hand Weapons
 a - a +1 hand axe (weapon)
 f - a +0 great mace
Armour
 b - a +0 helmet (worn)
 m - a +0 chain mail (worn)
Scrolls
 d - 3 scrolls of amnesia {unknown}
 e - 2 scrolls of identify {unknown}
 k - a scroll of random uselessness {unknown}
 l - a scroll of magic mapping {unknown}
Potions
 h - 2 potions of curing {unknown}
 i - a potion of resistance {unknown}
 j - a potion of haste {unknown}
 n - a potion of heal wounds {unknown}
 o - 2 potions of degeneration {unknown}
 p - a potion of ambrosia {unknown}
Comestibles
 c - 2 bread rations
 g - a meat ration


   Skills:
 + Level 3.3 Fighting
 + Level 1.8 Axes
 + Level 1.9 Armour
 + Level 1.3 Dodging
 + Level 2.9 Invocations


You had one spell level left.
You didn't know any spells.

Dungeon Overview and Level Annotations

Branches:
Dungeon (2/15)

Altars:


Innate Abilities, Weirdness & Mutations

Your flesh is heat resistant.


Message History

You are lethally poisoned!
The adder poisons you!
You closely miss the adder.
The adder is heavily wounded.
You feel sick. The adder bites you.
* * * LOW HITPOINT WARNING * * *
The adder barely misses you.
You closely miss the adder.
The adder is heavily wounded.
* * * LOW HITPOINT WARNING * * *
You feel sick. The adder bites you but does no damage.
A giant cockroach comes into view.
You closely miss the adder.
The adder is heavily wounded.
* * * LOW HITPOINT WARNING * * *
You feel sick. The adder closely misses you. The adder bites you.
* * * LOW HITPOINT WARNING * * *
Your chain mail prevents you from hitting the adder.
The adder is heavily wounded.
You die...

## #.#..# .. #.
.....#### #.# #.
#.#..##.. #.# #.
#.#..##.# #.# #.
#.#..##.# #.# #
$#####.##.#..##.## #.#.#
.........!...#.?.###.#.#
..s....@S....†.........#
.....^.....###...###.###
#####...#.## ##.## #.#
###.#.# #.# #.# ..#.#
##.####.### ......
........... #......
........... ##.##.##
##.####.### #.####.#


You could see an adder and a giant cockroach.

Vanquished Creatures
  A giant gecko (D:1)
  2 giant cockroaches (D:1)
  3 goblins (D:1)
  4 hobgoblins
  3 kobolds
  A ball python (D:1)
  A bat (D:1)
  2 giant newts
  A rat (D:1)
18 creatures vanquished.

Vanquished Creatures (others)
  4 starspawn tentacles (Abyss:1)
4 creatures vanquished.

Grand Total: 22 creatures vanquished

Notes
Turn   | Place    | Note
--------------------------------------------------------------
     0 | Abyss:1  | Gargoyl the Demonspawn Abyssal Knight began the quest for the Orb.
     0 | Abyss:1  | Reached XP level 1. HP: 18/18 MP: 2/2
    67 | Abyss:1  | Noticed a tentacled starspawn
    72 | Abyss:1  | Noticed a dire elephant skeleton
    92 | Abyss:1  | Noticed a tentacled starspawn
    94 | Abyss:1  | Noticed a large abomination
   131 | Abyss:2  | Found a corrupted altar of Lugonu.
   141 | Abyss:2  | Noticed a quasit
   142 | Abyss:2  | Noticed a large abomination
   142 | Abyss:2  | Noticed a tormentor
   185 | Abyss:3  | Noticed an ancient zyme
   188 | Abyss:3  | Noticed a cacodemon
   205 | Abyss:3  | Noticed a spatial vortex
   207 | Abyss:3  | Noticed a spatial vortex
   209 | Abyss:3  | Noticed a spatial vortex
   215 | D:1      | Escaped the Abyss
   433 | D:1      | Reached skill level 1 in Dodging
   753 | D:1      | Gained mutation: Your flesh is heat resistant. [demonic ancestry]
   753 | D:1      | Reached XP level 2. HP: 22/24 MP: 3/3
   848 | D:1      | Reached * piety under Lugonu
  1327 | D:2      | HP: 1/24 [adder (3)]
  1328 | D:2      | Succumbed to an adder's poison

Action                   || total
-------------------------++-------
Melee: Hand axe          ||    63
Invok: Depart the Abyss  ||     1
  Eat: Chunk             ||     1
